 Dungeon Crawl Stone Soup version 0.30.1-4-g462c640d31 (webtiles) character file.

Game seed: 15812762998538216464

177 croobank the Sneak (level 5, -1/42 HPs)
             Began as a Demonspawn Delver on Sept 1, 2023.
             Succumbed to a gnoll's poison
             ... on level 4 of the Dungeon.
             The game lasted 00:03:45 (839 turns).

croobank the Sneak (Demonspawn Delver)               Turns: 839, Time: 00:03:46

Health: -1/42      AC:  3    Str: 12    XL:     5   Next: 31%
Magic:  5/5        EV: 12    Int: 14    God:
Gold:   73         SH:  4    Dex: 14    Spells: 4/4 levels left

rFire   . . .        a - +1 short sword (drain)
rCold   . . .        (no shield)
rNeg    . . .        b - +0 leather armour
rPois   .            (no helmet)
rElec   .            (no cloak)
rCorr   .            (no gloves)
SInv    .            (no boots)
Will    .....        (no amulet)
Stlth   +++          h - ring of wizardry
HPRegen 0.27/turn    (no ring)
MPRegen 0.09/turn

%: wizardry (x1)
@: lethally poisoned (-1 -> -22), flying, hasted, very quick
A: condensation shield, demonic touch 1
a: no special abilities


You were on level 4 of the Dungeon.
You visited 1 branch of the dungeon, and saw 4 of its levels.

You collected 73 gold pieces.

Inventory:

Hand Weapons
 a - a +1 short sword of draining (weapon)
Missiles
 i - a boomerang (quivered)
Armour
 b - a +0 leather armour (worn)
Jewellery
 h - a ring of wizardry (left hand)
Wands
 g - a wand of digging (3)
Scrolls
 c - a scroll of fog
 d - a scroll of magic mapping
 e - a scroll of fear
 j - a scroll of blinking {unknown}


   Skills:
 + Level 3.9 Fighting
 + Level 2.9 Short Blades
 + Level 2.9 Dodging
 + Level 5.2 Stealth


You had 4 spell levels left.
You didn't know any spells.
Your spell library was empty.

Dungeon Overview and Level Annotations

Branches:
Dungeon (6/15)             Temple (0/1) D:5

Altars:


Innate Abilities, Weirdness & Mutations

A meltable shield of frost defends you. (SH +4)
Your touch may inflict minor irresistible damage on your foes.


Message History

Press: ? - help, Q - select action Shift-Dir - straight line, f - gnoll
Aim: a gnoll, wielding a +0 spear of venom (63% to hit)
You throw a boomerang. The boomerang barely misses the gnoll.
The boomerang hits the gnoll.
The gnoll is heavily wounded.
The gnoll hits you with a +0 spear of venom.
You are poisoned.
There is a stone staircase leading down, spattered with blood here.
You feel very sick. The gnoll completely misses you.
You climb downwards.
You feel very sick.
There is a stone staircase leading up here.
You feel yourself speed up.
You feel very sick.
The gnoll hits you with a +0 spear of venom.
You are lethally poisoned!
You hit the gnoll. You drain the gnoll. Your touch misses the gnoll.
The gnoll is moderately wounded.
You feel very sick.
You hit the gnoll. Your touch misses the gnoll.
The gnoll is heavily wounded.
You feel sick.
The gnoll hits you with a +0 spear of venom.
* * * LOW HITPOINT WARNING * * *
You are more poisoned.
It was a potion of flight.
You feel very buoyant.
You fly up into the air.
* * * LOW HITPOINT WARNING * * *
You feel very sick. The gnoll barely misses you.
You hit the gnoll. You drain the gnoll.
The gnoll is almost dead.
* * * LOW HITPOINT WARNING * * *
You feel very sick.
Unknown command.
You closely miss the gnoll. Your touch misses the gnoll.
The gnoll is almost dead.
You die...

.........#.# .......>.#.#
.........#.#
.........#.################ ##
#.###.#..#................# .#
# #.#....#############.## .##
###.#.##.#.. #)# <##.
..#.#.##.#.## #.#
.##.###.#.#.##.#@.# #.#
......#.#.#.##.#g.# #.#
###.#.#.#.#.##.#..# #.#
#.#.#.#.#.#.##.#..# #.#
#.......#.#.##.####.# #.#
....#(##............# #.#
#.###.#.......##############.##
......#.......................#
..#####.......#################


You could see a gnoll (very drained).

Vanquished Creatures
  A black bear (D:5)
  A jelly (D:5)
  An iguana (D:5)
  2 gnolls (D:3)
  A worm (D:3)
  2 orcs
  3 jackals (D:3)
  2 ball pythons
  A frilled lizard (D:3)
  2 kobolds
16 creatures vanquished.

Notes
Turn   | Place    | Note
-------+----------+-------------------------------------------
     0 | D:5      | croobank the Demonspawn Delver began the quest for the Orb.
     0 | D:5      | Reached XP level 1. HP: 18/18 MP: 1/1
     5 | D:5      | Noticed a black bear
    15 | D:6      | Noticed a jelly
    42 | D:5      | Found a staircase to the Ecumenical Temple.
    42 | D:5      | Noticed an orc priest
    43 | D:5      | Noticed an iguana
    61 | D:5      | Killed a black bear
    62 | D:5      | Reached skill level 5 in Stealth
    62 | D:5      | Gained mutation: Your touch may inflict minor irresistible
                  | damage on your foes. [demonic ancestry]
    62 | D:5      | Reached XP level 2. HP: 5/24 MP: 2/2
    62 | D:5      | Reached XP level 3. HP: 6/29 MP: 3/3
    62 | D:5      | Reached XP level 4. HP: 8/36 MP: 4/4
   189 | D:5      | Noticed a scorpion
   281 | D:5      | Gained mutation: A meltable shield of frost defends you.
                  | (SH +4) [demonic ancestry]
   281 | D:5      | Reached XP level 5. HP: 32/42 MP: 5/5
   798 | D:3      | Noticed an ogre
   838 | D:4      | HP: 2/42 [poisoned by a gnoll]
   839 | D:4      | Succumbed to a gnoll's poison

Illustrated notes

Levels and vault maps discovered:
D:3:      layout_rooms, serial_bayou_ford_a, uniq_ijyb, uniq_robin
D:4:      kennysheep_goblin_castle, layout_basic,
          nicolae_hepliaklqana_hazy_memory, kiku_gazebo_garden_becter,
          hex_intersection, uniq_duvessa
D:5:      lemuel_ice_spiral_2, layout_rooms, mainiacjoe_overflow_chevrons,
          minmay_temple_entry_proselytizer
D:6:      layout_cave_pools, serial_shops, nicolae_shop_just_a_little_nook,
          kennysheep_generic_room_3, uniq_edmund

Skill      XL: |  1 |
---------------+----+-----
Short Blades   | 2 |  2.9
Dodging        | 2 |  2.9
Stealth        | 5 |  5.2
Fighting       | |  3.9

Action                     |  1- 3 |  4- 6 || total
---------------------------+-------+-------++-------
  Melee: Short sword       |     5 |    43 ||    48
         Punch             |     1 |     1 ||     2
         Touch             |       |     5 ||     5
  Throw: Boomerang         |       |     1 ||     1
    Use: Potion            |       |     2 ||     2
   Stab: Sleeping          |       |     4 ||     4
 Armour: Leather armour    |     6 |     7 ||    13
  Dodge: Dodged            |     4 |    17 ||    21
  Block: Other             |       |     3 ||     3
